AoeStats
← Coopz881006

Black Forest

509155168Analyzed
2v2 RM · 5d ago on Sep 25, 2026· 67m 44s· 4 players
Game mode
Random Map
Map size
Medium (4 player)
Population
200
Speed
Normal
Resources
Standard
Victory
Conquest
Starting age
Dark Age
Ending age
Imperial Age
RankedLock teamsTeams togetherTeam positionsShared explorationLock speedFull tech treeHidden civsTurbo modeCheats
Victory
Defeat
🇮🇳 Britons · India
633
+14
🇺🇸 Teutons · United States
582
+16
🇬🇧 Japanese · United Kingdom
636
-16
🇵🇱 Varangians · Poland
551
-27
Coopz881006
0:29 Loom
17:30 Feudal Age
18:47 Wheelbarrow
18:00 Double-Bit Axe
18:01 Horse Collar
18:14 Gold Mining
24:10 Castle Age
22:37 Stone Mining
25:26 Hand Cart
26:13 Bow Saw
27:38 Heavy Plow
28:18 Gold Shaft Mining
31:38 Forging
33:45 Scale Mail Armor
34:21 Iron Casting
35:27 Squires
35:13 Arson
35:28 Town Watch
39:38 Imperial Age
37:48 Chain Mail Armor
38:37 Fortified Wall
40:12 Caravan
42:26 Two-Man Saw
42:05 Town Patrol
43:39 Ballistics
44:19 Chemistry
45:23 Masonry
46:29 Blast Furnace
46:03 Plate Mail Armor
46:49 Conscription
50:04 Siege Engineers
50:44 Kataparuto
52:24 Yasama
54:40 Elite Samurai
55:08 Heavy Scorpion
64:34 Onager
bojanantek
11:39 Loom
15:14 Feudal Age
15:58 Double-Bit Axe
17:11 Town Watch
18:01 Wheelbarrow
17:41 Man-at-Arms
19:52 Arson
28:52 Castle Age
27:34 Gold Mining
27:42 Horse Collar
32:35 Bow Saw
32:20 Stone Mining
40:26 Imperial Age
40:37 Fortified Wall
44:35 Two-Man Saw
44:21 Stone Shaft Mining
44:08 Elite Jarl
50:21 Chemistry
53:13 Heavy Mounted Crossbowman
53:13 Cranequins
Sherlock
9:23 Loom
14:33 Feudal Age
16:28 Wheelbarrow
16:35 Double-Bit Axe
24:10 Castle Age
22:55 Gold Mining
22:56 Stone Mining
24:33 Horse Collar
27:26 Gold Shaft Mining
28:57 Caravan
29:32 Bow Saw
35:01 Hand Cart
39:29 Imperial Age
39:57 Gambesons
40:13 Squires
39:59 Arson
39:35 Pikeman
39:35 Man-at-Arms
41:38 Heavy Plow
42:44 Two-Man Saw
43:14 Conscription
42:26 Sappers
42:27 Long Swordsman
43:56 Yeomen
43:41 Warwolf
44:11 Padded Archer Armor
44:02 Fletching
46:29 Hoardings
46:00 Two-Handed Swordsman
46:02 Halberdier
47:53 Fortified Wall
47:39 Murder Holes
48:10 Champion
50:53 Elite Longbowman
51:35 Bodkin Arrow
51:56 Leather Archer Armor
51:42 Scale Mail Armor
51:52 Forging
53:08 Heavy Scorpion
yeray_pacheco
0:41 Loom
14:59 Feudal Age
16:28 Horse Collar
17:44 Wheelbarrow
16:55 Town Watch
17:17 Double-Bit Axe
25:46 Castle Age
23:54 Stone Mining
25:04 Gold Mining
25:57 Town Watch
27:27 Fletching
29:43 Fortified Wall
29:41 Squires
29:26 Arson
29:28 Gambesons
30:14 Bow Saw
32:48 Ballistics
33:07 Stone Shaft Mining
33:05 Bodkin Arrow
33:21 Forging
33:12 Scale Mail Armor
36:03 Heavy Plow
38:40 Imperial Age
36:09 Man-at-Arms
38:55 Hand Cart
39:02 Hand Cart
39:55 Crenellations
40:11 Crenellations
40:14 Conscription
41:43 Scale Mail Armor
42:19 Iron Casting
42:39 Ironclad
43:08 Padded Archer Armor
44:48 Long Swordsman
47:15 Chemistry
47:05 Elite Teutonic Knight
49:05 Crop Rotation
49:21 Caravan
49:16 Capped Ram
51:37 Masonry
50:51 Two-Handed Swordsman
54:28 Hoardings
55:49 Siege Engineers
57:54 Champion
59:39 Blast Furnace
58:54 Chain Mail Armor
58:56 Pikeman
65:02 Heavy Scorpion
Connection lost

Rejoining the realm…

Still unreachable

The connection could not be restored.

Session expired

The server has moved on; the page needs a fresh start.